 Dungeon Crawl Stone Soup version 0.19-a0-1292-g796ee4d (webtiles) character file.

93 Cath the Magician (level 4, 0/30 HPs)
             Began as a Mummy Wizard on Aug 30, 2016.
             Killed by divine providence
             ... invoked by an orc priest
              (17 damage)
             ... on level 4 of the Dungeon.
             The game lasted 00:09:01 (2870 turns).

Cath the Magician (Mummy Wizard)                    Turns: 2870, Time: 00:09:01

Health: 0/30       AC:  2    Str: 10    XL:     4   Next: 36%
Magic:  7/9        EV: 12    Int: 18    God:
Gold:   47         SH:  0    Dex: 10    Spells: 3 memorised, 4 levels left

rFire  x . .     SeeInvis .     k - +0 rapier
rCold  + . .     Gourm    .     e - +0 robe
rNeg   + + +     Faith    .     (no shield)
rPois  ∞         Spirit   .     b - +0 hat
rElec  .         Dismiss  .     (no cloak)
rCorr  .         Reflect  .     (no gloves)
MR     .....     Harm     .     (no boots)
Stlth  ++........               (no amulet)
                                (no ring)
                                (no ring)

@: no status effects
A: no food or potions, fire vulnerability, cold resistance 1, negative energy
resistance 3, torment resistance, unbreathing
a: no special abilities


You were on level 4 of the Dungeon.
You were not hungry.

You visited 1 branch of the dungeon, and saw 4 of its levels.

You collected 103 gold pieces.
You spent 56 gold pieces at shops.

Inventory:

Hand Weapons
 d - a +0 dagger
 k - a +0 rapier (weapon)
Armour
 a - a +0 robe
 b - a +0 hat (worn)
 e - a +0 robe (worn)
Jewellery
 g - an uncursed amulet of faith {unknown}
 h - a +4 ring of protection {unknown}
Scrolls
 f - 3 scrolls of remove curse
 i - a scroll of fog {unknown}
 j - 2 scrolls of recharging {unknown}
 l - a scroll of enchant weapon {unknown}
Books
 c - a book of Minor Magic

   Spells                             Type                      Level
   a - Magic Dart                     Conjuration                  1
   b - Blink                          Translocation                2
   c - Call Imp                       Summoning                    2
   d - Repel Missiles                 Charms/Air                   2
   e - Slow                           Hexes                        2
   f - Conjure Flame                  Conjuration/Fire             3
   g - Mephitic Cloud                 Conjuration/Poison/Air       3


   Skills:
 + Level 0.2 Short Blades
 - Level 1.5 Dodging
 - Level 1.5 Stealth
 + Level 3.6 Spellcasting
 * Level 2.8 Conjurations
   Level 0.7 Summonings
 - Level 0.7 Translocations


You had 4 spell levels left.
You knew the following spells:

 Your Spells              Type           Power        Failure   Level  Hunger
a - Magic Dart            Conj           ##..         6%          1    N/A
b - Conjure Flame         Conj/Fire      #.......     30%         3    N/A
c - Blink                 Tloc           N/A          17%         2    N/A

Dungeon Overview and Level Annotations

Branches:
Dungeon (4/15)
 Temple: D:4-7

Altars:

Shops:
D:4 (

Annotations:
D:3 Bolverk's ghost, amateur NaGl


Innate Abilities, Weirdness & Mutations

You do not eat or drink.
Your flesh is vulnerable to fire.
You are immune to poison.
Your flesh is cold resistant. (rC+)
You are immune to negative energy. (rN+++)
You are immune to unholy pain and torment.
You can survive without breathing.


Message History

You see here 16 gold pieces.
The orc shouts!
The orc priest calls down the wrath of Beogh upon you.
Beogh smites you!
Casting: Magic Dart
Confirm with . or Enter, or press ? or * to list all spells.
Aiming: Magic Dart
Press: ? - help, Shift-Dir - straight line, f - orc
Aim: an orc, wielding a dagger and wearing a scale mail The magic dart hits the orc.
The orc hits you with a dagger.
Casting: Magic Dart
Confirm with . or Enter, or press ? or * to list all spells.
Aiming: Magic Dart
Press: ? - help, Shift-Dir - straight line, f/p - orc
Aim: an orc, wielding a dagger and wearing a scale mail The magic dart hits the orc.
The orc barely misses you.
The orc priest mumbles some strange prayers to Beogh against you.
Beogh smites you!
Ouch! That really hurt!
You die...

##### #...
##.#.########.###
.......$.o..o...##
.....#.######.#..# ...
#. #.##o# . .. ..##.## #
##.#########o.######.# #
.......@o.o..........#.#
##.##########..###.#.#..
.. .................
#######..##...#
#........# #..).....#
#........# #........#
#........#


You could see an orc priest and 2 orcs.

Vanquished Creatures
  Ijyb (D:2)
  An adder (D:2)
  A gnoll (D:1)
  An ooze (D:2)
  A dart slug (D:1)
  A giant gecko (D:4)
  An orc (D:3)
  A ball python (D:2)
  6 bats
  2 giant cockroaches
  6 goblins
  6 hobgoblins
  4 giant newts
  5 kobolds
  4 rats (D:1)
41 creatures vanquished.

Notes
Turn   | Place    | Note
-------+----------+-------------------------------------------
     0 | D:1      | Cath the Mummy Wizard began the quest for the Orb.
     0 | D:1      | Reached XP level 1. HP: 13/13 MP: 4/4
    19 | D:1      | Upgraded the game from 0.19-a0-1268-g6c5d9f8 to 0.19-a0-1292-g796ee4d
    40 | D:1      | Reached skill level 1 in Conjurations
   323 | D:1      | Reached XP level 2. HP: 19/19 MP: 6/6
  1026 | D:1      | Reached XP level 3. HP: 24/24 MP: 2/7
  1121 | D:1      | Learned a level 3 spell: Conjure Flame
  1124 | D:1      | Learned a level 2 spell: Blink
  1450 | D:2      | Noticed Ijyb
  1502 | D:2      | Killed Ijyb
  2154 | D:2      | You fall through a shaft!
  2187 | D:2      | Reached XP level 4. HP: 13/30 MP: 5/9
  2676 | D:3      | Noticed Bolverk's ghost (amateur NaGl)
  2745 | D:4      | Found Ydan's Weapon Emporium.
  2750 | D:4      | Bought a +0 rapier for 56 gold pieces
  2870 | D:4      | Killed from afar by an orc priest

Vault maps used:
D:1:      lightli_arrival_boilingwater, nrook_uturn, minmay_pentomino_o4
D:2:      first_bread, minmay_misc_feat_roman, uniq_iyjb
D:4:      serial_shops, shop

Skill      XL: |  1  2 |
---------------+-------+-----
Conjurations   | 1 2 |  2.8
Short Blades   | |  0.2
Dodging        | |  1.5
Stealth        | |  1.5
Spellcasting   | |  3.6
Summonings     | |  0.7
Translocations | |  0.7

Action                   |  1- 3 |  4- 6 || total
-------------------------+-------+-------++-------
Melee: Unarmed           |    11 |       ||    11
       Dagger            |    58 |       ||    58
 Cast: Magic Dart        |    78 |    35 ||   113
  Use: Scroll            |     3 |       ||     3
 Stab: Sleeping          |     3 |       ||     3
Armor: Robe              |    24 |     1 ||    25
Dodge: Dodged            |    60 |     6 ||    66
